 Dungeon Crawl Stone Soup version 0.30.0 (webtiles) character file.

Game seed: 3431697303201732815

31187 nixorn the Jinx (level 13, -5/78 HPs)
             Began as an Octopode Hedge Wizard on Sept 21, 2023.
             Was an Initiate of Gozag.
             Slain by a cane toad (11 damage)
             ... on level 4 of the Lair of Beasts on Sept 22, 2023.
             The game lasted 04:40:34 (20380 turns).

nixorn the Jinx (Octopode Hedge Wizard)            Turns: 20380, Time: 04:40:37

Health: -5/78      AC:  3    Str: 12    XL:     13   Next: 56%
Magic:  8/28       EV: 14    Int: 24    God:    Gozag
Gold:   1265       SH:  5    Dex: 12    Spells: 6/34 levels left

rFire   . . .        i - +3 dagger "Zeuc Wang" {heavy, rN+}
rCold   + . .        (no shield)
rNeg    + . .        n - +2 hat
rPois   .            u - amulet of reflection
rElec   .            k - ring of wizardry
rCorr   .            t - ring of wizardry
SInv    .            D - +6 ring of intelligence
Will    .....        E - +4 ring of slaying
Stlth   ++++++       N - ring of protection from cold
HPRegen 0.33/turn    (no ring)
MPRegen 0.21/turn    (no ring)
                     (no ring)

%: reflection, wizardry (x2)
@: gold aura
A: almost no armour, amphibious, 8 rings, camouflage 1, gelatinous body 1,
(nimble swimmer 1), tentacles
a: Renounce Religion, Potion Petition, Call Merchant, Bribe Branch


You were on level 4 of the Lair of Beasts.
You worshipped Gozag.
Gozag was most pleased with you.
You visited 4 branches of the dungeon, and saw 16 of its levels.

You collected 3864 gold pieces.
You spent 1042 gold pieces at shops.
You paid 1557 gold pieces to Gozag.

Inventory:

Hand Weapons
 a - a +0 rapier of venom
 i - the +3 dagger "Zeuc Wang" (weapon) {heavy, rN+}
   (You found it on level 2 of the Dungeon)

   rN:        It protects you from negative energy.
Missiles
 p - a throwing net
 q - 23 poisoned darts (quivered)
Armour
 n - a +2 hat (worn)
Jewellery
 k - a ring of wizardry (left tentacle)
 t - a ring of wizardry (right tentacle)
 u - an amulet of reflection (around mantle)
 D - a +6 ring of intelligence (on tentacle)
 E - a +4 ring of slaying (on tentacle)
 I - a ring of flight
 N - a ring of protection from cold (on tentacle)
 O - the ring "Zutewuh" {Ice Fly MP+9}
   (You found it on level 2 of the Orcish Mines)

   [ring of ice]

   It enhances your ice magic.
   rF:        It makes you vulnerable to fire.
   rC:        It protects you from cold.
   MP:        It affects your magic capacity (+9).
   Fly:       It grants you flight.
 P - a ring of ice
 R - an amulet of regeneration
Wands
 b - a wand of mindburst (2)
 j - a wand of roots (14)
 r - a wand of paralysis (4)
 B - a wand of light (3)
 Q - a wand of flame (26)
Scrolls
 e - 3 scrolls of teleportation
 g - a scroll of fog
 h - a scroll of magic mapping
 l - 2 scrolls of blinking
 o - a scroll of brand weapon
 s - a scroll of summoning
 v - a scroll of poison
 x - a scroll of silence
 y - 2 scrolls of immolation
 z - a scroll of vulnerability
 A - a scroll of torment
 K - a scroll of noise {unknown}
 L - a scroll of amnesia
 M - a scroll of enchant weapon
Potions
 c - 3 potions of magic
 d - 2 potions of brilliance
 f - a potion of attraction {unknown}
 m - 2 potions of cancellation
 w - 2 potions of curing
 C - 2 potions of haste
 F - 2 potions of flight
 G - 2 potions of berserk rage {unknown}
 H - a potion of invisibility {unknown}
 J - a potion of resistance {unknown}


   Skills:
 + Level 3.4 Fighting
 + Level 4.1 Short Blades
 + Level 1.2 Throwing
 + Level 5.1 Dodging
 + Level 11.5 Stealth
 + Level 2.2 Shields
 + Level 11.0 Spellcasting
 + Level 2.9 Conjurations
 * Level 13.7 Hexes
 + Level 4.5 Summonings
 + Level 1.4 Translocations
 + Level 4.5 Ice Magic
 + Level 2.2 Air Magic
 + Level 3.8 Poison Magic
 + Level 2.2 Evocations


You had 6 spell levels left.
You knew the following spells:

 Your Spells              Type           Power      Damage    Failure   Level
a - Discord               Hex            34%        N/A       28%         8
b - Blink                 Tloc           40%        N/A       1%          2
c - Mephitic Cloud        Conj/Pois/Air  27%        N/A       1%          3
d - Ensorcelled Hibernat  Hex/Ice        100%       N/A       1%          2
e - Tukima's Dance        Hex            68%        N/A       1%          3
f - Summon Guardian Gole  Hex/Summ       55%        N/A       1%          3
g - Cause Fear            Hex            34%        N/A       1%          4
h - Swiftness             Air            24%        N/A       1%          3

Your spell library contained the following spells:

 Spells                   Type           Power      Damage    Failure   Level
 Slow                     Hex            100%       N/A       0%          1
 Apportation              Tloc           40%        N/A       1%          1
 Freeze                   Ice            100%       1d10      1%          1
 Magic Dart               Conj           100%       1d8       1%          1
 Necrotise                Necr           52%        1d6       1%          1
 Sandblast                Erth           26%        2d8       1%          1
 Summon Small Mammal      Summ           100%       N/A       1%          1
 Call Imp                 Summ           70%        N/A       1%          2
 Cigotuvi's Dreadful Rot  Necr/Pois/Air  46%        N/A       1%          2
 Lesser Beckoning         Tloc           40%        N/A       1%          2
 Momentum Strike          Conj/Tloc      46%        3d9       1%          2
 Passwall                 Tmut/Erth      10%        N/A       1%          2
 Call Canine Familiar     Summ           35%        N/A       1%          3
 Confusing Touch          Hex            68%        N/A       1%          3
 Frozen Ramparts          Ice            70%        1d11      1%          3
 Hailstorm                Conj/Ice       31%        3d8       1%          3
 Inner Flame              Hex/Fire       46%        N/A       1%          3
 Portal Projectile        Hex/Tloc       98%        N/A       1%          3
 Leda's Liquefaction      Hex/Erth       23%        N/A       1%          4
 Vampiric Draining        Necr           13%        2d6       4%          3
 Flame Wave               Conj/Fire      20%        2d7       7%          4
 Sticky Flame             Conj/Fire      20%        2d4       7%          4
 Blade Hands              Tmut           6%         N/A       32%         5


Dungeon Overview and Level Annotations

Branches:
Dungeon (9/15)             Temple (1/1) D:7            Lair (4/5) D:9
 Shoals (0/4) Lair:3       Spider (0/4) Lair:3          Orc (2/2) D:9
    Elf (0/3) Orc:2
  Slime: Lair:4-5

Altars:
Ashenzari
Cheibriados
Dithmenos
Elyvilon
Fedhas
Gozag
Hepliaklqana
Makhleb
Nemelex Xobeh
Qazlal
Ru
Sif Muna
Trog
Uskayaw
Vehumet
Wu Jian
Xom
Yredelemnul
Zin
The Shining One

Shops:
D:3 [   D:5 *?   Orc:1 (   Orc:2 (*:[


Innate Abilities, Weirdness & Mutations

You cannot wear most types of armour.
You are amphibious.
You can wear up to eight rings at the same time.
Your skin changes colour to match your surroundings (Stealth+).
Your rubbery body absorbs attacks. (AC +1, EV +1)
((You are camouflaged when in or above water. (Stealth+)))
You have tentacles for arms and can constrict up to eight enemies at once.


Message History

Aiming: Ensorcelled Hibernation (safe; 1% risk of failure)
Press: ? - help, Shift-Dir - straight line, f/p - yak
Aim: a yak (chance to affect: 71%)
The yak looks drowsy...
The helpless yak fails to defend itself.
You stick the yak like a pincushion!!!!
You kill the yak!
A cane toad comes into view.
The yak gores you!
Casting: Ensorcelled Hibernation (safe; 1% risk of failure)
Confirm with . or Enter, or press ? or * to list all spells.
The spell is extremely dangerous to miscast (28% risk of failure)!
Continue anyway?
Casting: Discord (extremely dangerous; 28% risk of failure)
Press: ? - help, Dir - look around, f - activate The yak flies into a frenzy! x2; The cane toad flies into a frenzy!
The yak gores the yak!!
The yak gores you! The yak attacks as you move away!
You block the yak's attack.
The yak gores the yak.
The yak closely misses the yak.
The yak completely misses the yak.
The yak barely misses the yak.
Something stings the yak!!
The yak completely misses the yak.
The yak is distracted by your dazzling golden aura.
You feel a bit more experienced. x2
You start resting.
You hear a croak.
A cane toad is nearby!
You block the cane toad's attack.
Casting: Discord (extremely dangerous; 28% risk of failure)
Confirm with . or Enter, or press ? or * to list all spells.
Aiming: Ensorcelled Hibernation (safe; 1% risk of failure)
Press: ? - help, Shift-Dir - straight line, f - cane toad
Aim: a cane toad (fast, strong, frenzied and insane, chance to affect: 71%)
The cane toad struggles to resist.
The cane toad is distracted by your dazzling golden aura.
You barely miss the cane toad.
The cane toad is no longer distracted by gold.
You grab the cane toad. You constrict the cane toad. The cane toad stings you!!
* * * LOW HITPOINT WARNING * * *
The cane toad stings you!
You die...
Your body crumbles into a pile of gold.

.... .... ... ... ..
.... # #. ## ... ...
Y##.# ...
+.#..##Y..#####.# #
.........###..P+##.#
###..#$#.##@.......#
#........F<.......#
...##.#..P........#
... ...............#
.# ..#..##.........#
....... ##........+
.###.PP #........#
#### ###.#.P..#
######.


You could see a neutral cane toad (fast, strong, insane).

Vanquished Creatures
  The ghost of Endbringerleviathan the Arsonist, a journeyman NaFE of Gozag (Orc:2)
  A hydra (Lair:3)
  Erica (Lair:2)
  Sonja (Lair:3)
  Amaemon (Lair:1)
  An orb spider (Lair:3)
  An orc knight (Orc:2)
  2 orc sorcerers (Orc:1)
  An elephant (Lair:2)
  A black mamba (Lair:3)
  The ghost of BogsyCalzone the Thaumaturge, a novice DECj (D:7)
  11 cane toads
  2 komodo dragons (Lair:2)
  A troll (Orc:1)
  2 dancing weapons
  20 yaks
  2 wyverns
  A basilisk (Lair:4)
  2 steam dragons
  14 water moccasins
  10 orc warriors
  A sky beast (D:6)
  2 black bears
  5 wolves (Lair:2)
  2 centaurs
  4 ogres
  A phantom (D:7)
  A kobold brigand (D:7)
  A gnoll sergeant (D:7)
  11 bullfrogs
  A wight (D:9)
  14 killer bees
  An electric eel (Lair:2)
  A howler monkey (D:5)
  A crimson imp (D:5)
  3 hounds
  9 orc priests
  An iguana (D:6)
  12 orc wizards
  4 hell rats (Lair:3)
  5 gnolls
  10 adders
  3 river rats (Lair:2)
  A shadow imp (D:8)
  2 ufetubi
  A dart slug (D:2)
  36 orcs
  7 ball pythons
  5 endoplasms
  5 giant cockroaches
  8 goblins
  5 hobgoblins
  2 jackals (D:2)
  7 kobolds
  7 quokkas
  4 bats
  5 frilled lizards
  8 rats
273 creatures vanquished.

Vanquished Creatures (collateral kills)
  An orc high priest (Orc:2)
  Nergalle (Orc:2)
  Urug (Orc:2)
  A black mamba (Lair:2)
  A cane toad (Lair:3)
  2 komodo dragons (Lair:2)
  2 yaks (Lair:4)
  A basilisk (Lair:2)
  9 orc warriors
  An ice beast (D:6)
  An ogre (Orc:2)
  4 wolves (Lair:3)
  A gnoll sergeant (D:8)
  2 wights (D:6)
  9 orc priests
  3 hell rats (Lair:3)
  7 orc wizards
  3 gnolls
  24 orcs
74 creatures vanquished.

Vanquished Creatures (others)
  2 orc warlords
  A two-headed ogre (D:9)
  An orc knight (Orc:2)
  An orc sorcerer (Orc:2)
  An orange demon (Lair:1)
  A gargoyle (D:9)
  24 dancing weapons
  A troll (Orc:1)
  A wyvern (D:9)
  A yak (Lair:2)
  A warg (Orc:2)
  8 orc warriors
  A wolf (Lair:3)
  A phantom (D:6)
  A gnoll sergeant (D:8)
  A scorpion (D:6)
  5 wights
  10 killer bees (D:9)
  An orc priest (D:8)
  A jelly (D:6)
  An orc wizard (Orc:2)
  4 gnolls
  2 ufetubi (D:6)
  2 orcs
  31 fungi
  100 plants
204 creatures vanquished.

Grand Total: 551 creatures vanquished

Notes
Turn   | Place    | Note
-------+----------+-------------------------------------------
     0 | D:1      | nixorn the Octopode Hedge Wizard began the quest for the
                  | Orb.
     0 | D:1      | Reached XP level 1. HP: 11/11 MP: 4/4
   113 | D:1      | Reached XP level 2. HP: 17/17 MP: 0/6
   175 | D:1      | Learned a level 2 spell: Blink
   533 | D:1      | Reached XP level 3. HP: 21/21 MP: 8/8
   537 | D:1      | Learned a level 3 spell: Mephitic Cloud
   578 | D:1      | Found a faded altar of an unknown god.
   581 | D:1      | Prayed at the altar of an unknown god.
   581 | D:1      | Became a worshipper of Gozag Ym Sagoz the Greedy
   852 | D:2      | Identified the +3 dagger "Zeuc Wang" {heavy, rN+}
   962 | D:2      | Found a sacrificial altar of Ru.
  1082 | D:2      | Learned a level 2 spell: Ensorcelled Hibernation
  1368 | D:2      | Reached XP level 4. HP: 27/27 MP: 9/9
  1727 | D:3      | Found Ifogon's Antique Armour Boutique.
  2388 | D:3      | Reached skill level 1 in Short Blades
  2602 | D:4      | Got Pudupil's Directory of Misfortune
  2607 | D:4      | Reached skill level 1 in Poison Magic
  2900 | D:4      | Reached XP level 5. HP: 32/32 MP: 10/10
  3129 | D:4      | Reached skill level 1 in Air Magic
  3263 | D:4      | Noticed an ogre
  3274 | D:4      | Killed an ogre
  3275 | D:4      | Reached skill level 1 in Fighting
  3275 | D:4      | Reached skill level 5 in Stealth
  3450 | D:5      | Entered Level 5 of the Dungeon
  3461 | D:4      | Reached XP level 6. HP: 14/38 MP: 7/11
  3598 | D:5      | Found Paicipod's General Store.
  3601 | D:5      | Bought a book of Weapons for 392 gold pieces
  3605 | D:5      | Learned a level 3 spell: Tukima's Dance
  3631 | D:5      | Noticed a water moccasin
  3634 | D:5      | Found The Oracle's Delphic Readings.
  3900 | D:5      | Killed a water moccasin
  3969 | D:5      | Reached skill level 1 in Hexes
  4067 | D:5      | Reached XP level 7. HP: 44/44 MP: 11/13
  4073 | D:5      | Learned a level 3 spell: Summon Guardian Golem
  4085 | D:5      | Found a radiant altar of Vehumet.
  4172 | D:5      | Bought a scroll of identify for 26 gold pieces
  4172 | D:5      | Bought a scroll of identify for 26 gold pieces
  4172 | D:5      | Bought a scroll of identify for 26 gold pieces
  4267 | D:5      | Found a burning altar of Makhleb.
  4268 | D:5      | Found a shimmering altar of Xom.
  4271 | D:5      | Reached skill level 1 in Ice Magic
  4551 | D:6      | Reached skill level 2 in Hexes
  4617 | D:6      | Reached skill level 1 in Evocations
  4617 | D:6      | Reached XP level 8. HP: 50/50 MP: 5/14
  4828 | D:6      | Reached skill level 5 in Spellcasting
  4828 | D:6      | Reached skill level 3 in Hexes
  5088 | D:6      | Found a hide-covered altar of Uskayaw.
  5161 | D:6      | Reached skill level 4 in Hexes
  5268 | D:6      | Found a white marble altar of Elyvilon.
  5428 | D:7      | Found a runed translucent door.
  5428 | D:7      | Noticed BogsyCalzone's ghost (novice DECj)
  5528 | D:7      | Reached XP level 9. HP: 32/55 MP: 12/17
  5536 | D:7      | Learned a level 4 spell: Cause Fear
  5656 | D:7      | Reached skill level 5 in Hexes
  5792 | D:7      | Reached skill level 1 in Shields
  5992 | D:7      | Found a staircase to the Ecumenical Temple.
  6110 | D:7      | Reached skill level 6 in Hexes
  6961 | D:7      | Killed BogsyCalzone's ghost
  6962 | D:7      | Reached skill level 7 in Hexes
  7136 | Temple   | Entered the Ecumenical Temple
  7269 | D:8      | Found a sparkling altar of Nemelex Xobeh.
  7656 | D:8      | Reached XP level 10. HP: 47/61 MP: 6/19
  8612 | D:9      | Found a shimmering blue altar of Sif Muna.
  8613 | D:9      | Noticed a gargoyle
  8632 | D:9      | Killed a gargoyle
  8718 | D:9      | Reached skill level 8 in Hexes
  9248 | D:9      | Noticed a two-headed ogre
  9274 | D:9      | Killed a two-headed ogre
  9550 | D:9      | Got Sif Muna's Incunabulum of Bedrock
  9753 | D:9      | Found a staircase to the Lair.
  9790 | D:9      | Reached skill level 9 in Hexes
 10204 | D:9      | Found a staircase to the Orcish Mines.
 10247 | D:9      | Found a shadowy altar of Dithmenos.
 10248 | D:9      | Found an ornate altar of the Wu Jian Council.
 10316 | Orc:1    | Entered Level 1 of the Orcish Mines
 10526 | Lair:1   | Entered Level 1 of the Lair of Beasts
 10664 | Lair:1   | Noticed a cane toad
 10671 | Lair:1   | Killed a cane toad
 10672 | Lair:1   | Reached XP level 11. HP: 66/66 MP: 23/23
 10725 | Lair:1   | Noticed Amaemon
 11071 | Lair:1   | Killed Amaemon
 11362 | Lair:1   | Learned a level 8 spell: Discord
 11829 | Lair:2   | Reached skill level 10 in Hexes
 12096 | Lair:2   | Noticed Erica
 12116 | Lair:2   | Killed Erica
 12117 | Lair:2   | Reached skill level 10 in Stealth
 12813 | Lair:2   | Reached skill level 11 in Hexes
 12817 | Lair:2   | Reached XP level 12. HP: 72/72 MP: 25/25
 14168 | Orc:2    | Entered Level 2 of the Orcish Mines
 14704 | Orc:2    | Found a runed translucent door.
 14705 | Orc:2    | Found a shimmering altar of Xom.
 14705 | Orc:2    | Noticed Endbringerleviathan's ghost (journeyman NaFE)
 14841 | D:5      | Bought a book of Spatial Translocations for 234 gold pieces
 14841 | D:5      | Bought a book of the Hunter for 338 gold pieces
 14845 | D:5      | Learned a level 3 spell: Swiftness
 15191 | Orc:2    | Noticed an orc warlord
 15233 | Orc:2    | Killed an orc warlord
 15736 | Orc:2    | Noticed an orc warlord
 16044 | Orc:2    | Noticed a sun demon
 16080 | Orc:1    | Killed an orc warlord
 16081 | Orc:1    | Reached skill level 1 in Throwing
 16081 | Orc:1    | Reached skill level 10 in Spellcasting
 16081 | Orc:1    | Reached skill level 12 in Hexes
 16823 | Orc:2    | Found a staircase to the Elven Halls.
 17049 | Orc:2    | Noticed Nergalle
 17058 | Orc:2    | Noticed Urug
 17073 | Orc:2    | Killed Urug
 17095 | Orc:2    | Killed Nergalle
 17285 | Orc:2    | Found Xougef's Book Shoppe.
 17290 | Orc:2    | Found Icreg's Antique Armour Shoppe.
 17308 | Orc:2    | Noticed an orc high priest
 17314 | Orc:2    | Killed an orc high priest
 17315 | Orc:2    | Reached XP level 13. HP: 77/77 MP: 2/27
 17684 | Orc:2    | Found Empuir Kaej's Antique Weapon Shoppe.
 17699 | Orc:2    | Found Geruaj's General Store.
 17900 | Orc:1    | Reached skill level 13 in Hexes
 18213 | Orc:1    | Found Oruh's Antique Weapon Emporium.
 18540 | Orc:2    | Reached skill level 5 in Dodging
 18550 | Orc:2    | Killed Endbringerleviathan's ghost
 18561 | Orc:2    | Identified the ring "Zutewuh" {Ice Fly MP+9}
 18798 | Lair:3   | Found a staircase to the Shoals.
 19303 | Lair:3   | Noticed Sonja
 19309 | Lair:3   | Killed Sonja
 19410 | Lair:3   | Found the +4 robe of Folly {Brill Will-∞ Int+8}
 19787 | Lair:3   | Found a hole to the Spider Nest.
 20380 | Lair:4   | Slain by a cane toad

Illustrated notes

Levels and vault maps discovered:
D:1:      beargit_arrival_diablo_church, layout_rooms,
          shapermc_ecumenical_altar_mp_vishouse
D:2:      layout_loops_corners, basic_altar
D:3:      minmay_general_purpose_star, layout_loops_ring, serial_shops, shop
D:4:      layout_loops_corners
D:5:      layout_basic, grunt_temple_overflow_champion_of_chaos,
          nicolae_overflow_crystal_walls, nicolae_stop_n_shop_2,
          dreamdust_princess_corridor, st_stairs_11, nicolae_nh_oracle_at_delphi
D:6:      layout_rooms, mainiacjoe_overflow_six_doors_small, elyvilon_altar_5,
          serial_park_tiny_1, eino_curves_01
D:7:      layout_loops_ring, temple_doors_e, hellmonk_ghost_happy_afterlife
D:8:      layout_basic, mainiacjoe_overflow_tiny_flanked
D:9:      layout_rooms, gammafunk_temple_overflow_statue, led_sif_book,
          lair_entry_dummy, david_orc_5, chequers_mini_garden,
          ebering_dispersal_statue_hall
Temple:   compressed_dpeg_circular_temple
Lair:1:   layout_cave_pods, uniq_amaemon
Lair:2:   layout_regular_city, minivault_19, chequers_serial_rivers_micro_a,
          pond, serial_bayou_shore_a, uniq_erica
Lair:3:   layout_cave_pods, elwin_shoals_entry_rocks,
          nicolae_spider_entry_orb_guardian, grunt_megastairs_3,
          serial_bayou_shore_b, uniq_sonja
Lair:4:   layout_roguey, hangedman_lair_unloving_vines
Orc:1:    layout_caves, serial_shops, nicolae_shop_tiny_waterfront
Orc:2:    grunt_orc_cross, layout_diamond_mine, basic_altar, special_room,
          ebering_ghost_xom, mines1_david

Skill      XL: |  1  2  3  4  5  6  7  8  9 10 11 12 13 |
---------------+----------------------------------------+-----
Stealth        | 3 4 5 6 7 8 9 10 11 | 11.5
Short Blades   | 1 2 3 4 |  4.1
Poison Magic   | 1 2 3 |  3.8
Air Magic      | 1 2 |  2.2
Fighting       | 1 2 3 |  3.4
Hexes          | 1 2 4 7 9 11 12 13 | 13.7
Spellcasting   | 4 5 6 8 9 10 11 | 11.0
Ice Magic      | 2 3 4 |  4.5
Dodging        | 3 4 5 |  5.1
Evocations     | 1 2 |  2.2
Summonings     | 2 3 4 |  4.5
Conjurations   | 2 |  2.9
Shields        | 1 2 |  2.2
Throwing       | 1 |  1.2
Translocations | |  1.4

Action                     |  1- 3 |  4- 6 |  7- 9 | 10-12 | 13-15 || total
---------------------------+-------+-------+-------+-------+-------++-------
  Melee: Dagger            |    53 |    60 |    93 |   186 |    53 ||   445
         Constrict         |    11 |     7 |    16 |    34 |     8 ||    76
         Tentacles         |     7 |     3 |    25 |    41 |    12 ||    88
         Punch             |     1 |       |       |     2 |       ||     3
  Throw: Dart              |       |       |       |    18 |       ||    18
   Cast: Magic Dart        |    23 |    15 |    13 |     6 |       ||    57
         Ensorcelled Hiber |       |     6 |    14 |    85 |    34 ||   139
         Mephitic Cloud    |       |     1 |     7 |    65 |     2 ||    75
         Tukima's Dance    |       |     1 |    27 |    88 |     5 ||   121
         Blink             |       |     1 |     2 |     9 |     2 ||    14
         Summon Guardian G |       |       |    17 |    62 |     6 ||    85
         Cause Fear        |       |       |     2 |    14 |       ||    16
         Discord           |       |       |       |     5 |     4 ||     9
         Swiftness         |       |       |       |     4 |       ||     4
 Invoke: Potion Petition   |       |       |       |     3 |       ||     3
  Evoke: Wand              |       |     3 |     4 |    14 |    11 ||    32
    Use: Scroll            |       |    13 |     8 |    11 |       ||    32
         Potion            |       |       |     2 |     5 |       ||     7
   Stab: Sleeping          |    13 |    19 |    22 |    47 |    23 ||   124
         Confused          |       |     1 |     2 |     4 |       ||     7
         Paralysed         |       |       |     1 |       |       ||     1
 Armour: Skin              |     4 |     2 |    11 |    50 |     4 ||    71
  Dodge: Dodged            |    25 |    29 |    50 |    95 |    31 ||   230
  Block: Other             |       |     6 |    28 |    40 |    16 ||    90
         Reflection        |       |       |     5 |       |       ||     5
